Steven, chaotic male elven Wizard # ------ --.-- |....| ######..^.| |>.).| # |%@..#### |...%.# ### #....| # |.)..|`## # --------- #|.f.| ### |...)| # ###--.......-- #....| # -+-.-- # #....---...| #----- ### # # |...| |)..| ### # --------- ### -...| |...| # # ### ##........---- # |...---.... # # # |..........| ### --.......-- # # ### |......{...| # # ---|----- # # # # |%.........| #### ############# ### ##-..........| --.-.------ ### -+-----# |.......---- |....<....| # |%.!..%# --------- |....[....| ##......| ----------- -.----- # Steven the Thaumaturge Experience level: 7 Strength: 13 Dexterity: 14 Constitution: 15 Intelligence: 17 Wisdom: 10 Charisma: 8 Health: 0(40) Energy: 12(83) Def: 5 Gold: 730 Moves: 3897 Dungeon seed: 4VxoA00t-na-ImRN Game ID: Steven_1440629886 Your Inventory: Coins $ - 730 gold pieces Weapons a - a blessed +1 quarterstaff (weapon in hands) Armor e - an uncursed +0 cloak of magic resistance (being worn) r - an uncursed +0 studded leather armor (being worn) y - an uncursed +0 pair of jumping boots (being worn) z - an uncursed +0 pair of water walking boots Comestibles X - an uncursed cram ration Scrolls f - an uncursed scroll of scare monster j - an uncursed scroll of charging k - an uncursed scroll of scare monster s - an uncursed scroll of magic mapping t - a blessed scroll of teleportation B - 2 uncursed scrolls of enchant weapon R - an uncursed scroll of food detection U - an uncursed scroll of teleportation Spellbooks l - a blessed spellbook of force bolt m - a blessed spellbook of magic missile n - an uncursed spellbook of cure sickness F - an uncursed spellbook of magic mapping Q - an uncursed spellbook of detect treasure Y - a blessed spellbook of identify Potions Z - an uncursed potion of water Rings c - an uncursed +3 ring of increase accuracy (on left hand) d - an uncursed ring of teleport control (on right hand) J - a blessed +1 ring of increase accuracy Wands g - an uncursed wand of lightning (0:4) q - a cursed wand of enlightenment (0:13) P - an uncursed wand of magic missile (0:4) Tools o - an uncursed magic marker (0:41) p - an uncursed tooled horn u - an uncursed stethoscope v - an uncursed blindfold Spells and supernatural/magical abilities: Name Level Category Fail Memory a - force bolt 1 attack 0% 81% m - magic missile 2 attack 0% 81% G - detect treasure 4 divination 100% 92% I - identify 3 divination 85% 97% K - cure sickness 3 healing 85% 81% M - magic mapping 5 divination 100% 89% W - pray for help -- divine ? -- Y - supernatural jump -- ability ? -- Your skills at the end: Fighting Skills Weapon Skills quarterstaff [Basic] Spellcasting Skills attack spells [Basic] enchantment spells [Basic] Final Attributes: You were piously aligned. You were sleep resistant. You were magic-protected. You saw invisible. You were telepathic. You had infravision. You could jump. You had teleport control. You had a +3 bonus to hit. You are dead. Vanquished creatures: a giant mimic a large mimic 3 small mimics a tengu a leprechaun a giant spider a lizard 3 fire ants 3 Mordor orcs 2 shriekers a gnomish wizard a gray ooze an elf zombie a straw golem a giant ant a floating eye a kitten a kobold lord 2 hill orcs a centipede a dwarf zombie a wererat an iguana 9 killer bees a coyote a hobbit 3 hobgoblins 3 giant rats 2 cave spiders a yellow mold 2 manes 4 geckos 9 jackals 5 sewer rats 4 grid bugs 6 lichens 2 kobold zombies 4 newts 87 creatures vanquished. Voluntary challenges: You had been an atheist until turn 1886. You used a wielded weapon 93 times, starting on turn 74. You read items or engraved 68 times, starting on turn 34. You never genocided any monsters. You never polymorphed an object. You never changed form. You used no wishes. You never split a pudding. You wrote Elbereth's name 5 times, starting on turn 34. You never violated your personal moral code. Dungeon overview: The Dungeons of Doom: levels 1 to 9 Level 1 a fountain a long staircase Level 2 a fountain Level 3 a scroll shop, some fountains stairs to The Gnomish Mines Level 4 a fountain Level 5 some fountains Level 6 an armor shop, an altar to Anhur, a fountain Level 7 an armor shop Level 8 <- You were here a fountain Level 9 The Gnomish Mines: Level 4 stairs to The Dungeons of Doom History has recorded: On T:1 you entered the Dungeons of Doom to retrieve the Amulet of Yendor! On T:29 you reached level 2 of The Dungeons of Doom. On T:678 you advanced to experience level 2. On T:793 you reached level 3 of The Dungeons of Doom. On T:937 you reached level 1 of The Gnomish Mines. On T:1149 you reached level 4 of The Dungeons of Doom. On T:1278 you reached level 5 of The Dungeons of Doom. On T:1603 you advanced to experience level 3. On T:1686 you reached level 6 of The Dungeons of Doom. On T:1937 you reached level 7 of The Dungeons of Doom. On T:1960 you advanced to experience level 4. On T:2287 you advanced to experience level 5. On T:3089 you reached level 8 of The Dungeons of Doom. On T:3223 you advanced to experience level 6. On T:3448 you reached level 9 of The Dungeons of Doom. On T:3728 you advanced to experience level 7. Score breakdown: Gold: 730 ( 73 points) Experience: 7 levels ( 600 points) Exploration: 9 levels ( 240 points) Discoveries: 9 items ( 450 points) Variety of kills: 38 monsters ( 1900 points) Major goal: (nothing yet) ( 0 points) Survival: died (score multiplied by 3) Total score: 9789 Latest messages: You kill the fire ant! The bolt of lightning bounces! The bolt of lightning hits you! Your wand of fire breaks apart and explodes! You die... Final status: Goodbye Steven the Wizard, killed by an exploding wand... You died in The Dungeons of Doom on dungeon level 8 with 9789 points, and 730 pieces of gold, after 3897 moves. You were level 7 with a maximum of 40 hit points when you died.